 Dungeon Crawl Stone Soup version 0.30.1-11-g7821555f0a (webtiles) character file.

Game seed: 15607562553828090059

112 lonewolfV2 the Trooper (level 5, 0/43 HPs)
             Began as a Formicid Fighter on Dec 7, 2023.
             Slain by a black bear (4 damage)
             ... on level 4 of the Dungeon.
             The game lasted 00:06:21 (1605 turns).

lonewolfV2 the Trooper (Formicid Fighter)           Turns: 1605, Time: 00:06:22

Health: 0/43       AC:  8    Str: 20    XL:     5   Next: 16%
Magic:  5/5        EV:  9    Int:  8    God:
Gold:   181        SH:  5    Dex: 15    Spells: 4/4 levels left

rFire   . . .        a - +0 war axe
rCold   . . .        c - +0 buckler
rNeg    . . .        b - +0 scale mail
rPois   .            (helmet unavailable)
rElec   .            (no cloak)
rCorr   .            e - +0 pair of gloves
SInv    +            (no boots)
Will    +....        (no amulet) Stlth
                     k - ring of willpower
HPRegen 0.27/turn    (no ring)
MPRegen 0.09/turn

%: no passive effects
@: mighty
A: permanent stasis, dig shafts and tunnels, antennae 3, four strong arms
a: Dig, Shaft Self


You were on level 4 of the Dungeon.
You visited 1 branch of the dungeon, and saw 4 of its levels.

You collected 181 gold pieces.

Inventory:

Hand Weapons
 a - a +0 war axe (weapon)
Armour
 b - a +0 scale mail (worn)
 c - a +0 buckler (worn)
 e - a +0 pair of gloves (worn)
Jewellery
 k - a ring of willpower (left hand)
Potions
 f - 4 potions of heal wounds {unknown}
 g - a potion of invisibility {unknown}
 h - a potion of cancellation {unknown}
 i - a potion of resistance {unknown}
 l - 2 potions of curing {unknown}
 o - a potion of lignification {unknown}
 p - a potion of mutation {unknown}


   Skills:
 + Level 4.8 Fighting
 + Level 3.7 Axes
 - Level 3.2 Armour
 - Level 4.0 Shields


You had 4 spell levels left.
You didn't know any spells.
Your spell library contained the following spells:

 Spells                   Type           Power      Damage    Failure   Level
 Sandblast                Erth           0%         2d4       83%         1
 Passwall                 Tmut/Erth      0%         N/A       93%         2
 Stone Arrow              Conj/Erth      0%         3d7       99%         3


Dungeon Overview and Level Annotations

Branches:
Dungeon (4/15)
 Temple: D:4-7

Altars:

Shops:
D:3 :

Annotations:
D:3 2 runed translucent doors


Innate Abilities, Weirdness & Mutations

You cannot be hasted, slowed, berserked, paralysed or teleported.
You can dig through walls and to a lower floor.
You have a pair of large antennae on your head. (SInv)
Your four strong arms can wield two-handed weapons with a shield.


Message History

The ball python constricts you.
You closely miss the ball python.
The ball python is severely wounded.
The ball python bites you. The ball python constricts you.
The ball python bites you but does no damage.
The ball python constricts you.
You barely miss the ball python.
The ball python is severely wounded.
The ball python closely misses you. The ball python constricts you.
The ball python barely misses you. The ball python constricts you.
You slash the ball python!
You kill the ball python!
You slash the black bear!
The black bear is heavily wounded.
The black bear bites you but does no damage.
The black bear barely misses you. x2; The black bear bites you.
The black bear claws you. x2
You closely miss the black bear.
The black bear is heavily wounded.
The black bear bites you but does no damage.
The black bear claws you. x2
You hit the black bear but do no damage.
The black bear is heavily wounded.
The black bear closely misses you.
The black bear claws you but does no damage.
The black bear claws you.
You barely miss the black bear.
The black bear is heavily wounded.
You block the black bear's attack. The black bear claws you.
* * * LOW HITPOINT WARNING * * *
The black bear claws you but does no damage.
The black bear bites you.
* * * LOW HITPOINT WARNING * * *
You block the black bear's attack. x2
You feel very mighty all of a sudden. The black bear bites you.
* * * LOW HITPOINT WARNING * * *
The black bear claws you but does no damage.
The black bear claws you.
You die...

..# #.#
#.# #.#
.##)###.#
....h...#
#.#.###.#
#h# #@#
#.#
#......(#
####.####
#


You could see a black bear.

Vanquished Creatures
  An orc wizard (D:3)
  An adder (D:2)
  3 worms
  3 orcs (D:3)
  A bat (D:2)
  3 endoplasms (D:3)
  6 giant cockroaches
  4 goblins
  5 hobgoblins
  5 jackals
  3 kobolds
  4 quokkas
  9 ball pythons
  6 frilled lizards
  6 rats
60 creatures vanquished.

Notes
Turn   | Place    | Note
-------+----------+-------------------------------------------
     0 | D:1      | lonewolfV2 the Formicid Fighter began the quest for the
                  | Orb.
     0 | D:1      | Reached XP level 1. HP: 18/18 MP: 1/1
   190 | D:1      | Reached XP level 2. HP: 24/24 MP: 2/2
   412 | D:1      | Reached XP level 3. HP: 30/30 MP: 3/3
   760 | D:2      | Reached XP level 4. HP: 37/37 MP: 4/4
   997 | D:3      | Found a faded altar of an unknown god.
  1117 | D:3      | Found a faded altar of an unknown god.
  1124 | D:3      | Found Rokin's Vocational Training.
  1174 | D:3      | Found a large runed translucent door.
  1175 | D:3      | Found a large runed translucent door.
  1470 | D:3      | Reached XP level 5. HP: 39/43 MP: 5/5
  1589 | D:4      | Noticed a black bear
  1605 | D:4      | Slain by a black bear

Illustrated notes

Levels and vault maps discovered:
D:1:      roderic_octagonal_star, layout_basic, chequers_arboretum
D:2:      layout_rooms
D:3:      layout_basic, nicolae_overflow_ecumenical_swirl,
          jmf_multi_god_temple2, hellmonk_ecumenical_altar_blasted,
          kennysheep_cluttered_room, nicolae_shop_vocational
D:4:      layout_loops_corners, nicolae_overflow_crystal_walls,
          fiery_altar_vehumet, uniq_pikel, uniq_eustachio, uniq_menkaure,
          uniq_crazy_yiuf_cottage

Skill      XL: |  1  2  3 |
---------------+----------+-----
Fighting       | 4 |  4.8
Axes           | 3 |  3.7
Armour         | |  3.2
Shields        | |  4.0

Action                     |  1- 3 |  4- 6 || total
---------------------------+-------+-------++-------
  Melee: War axe           |    68 |    62 ||   130
    Use: Scroll            |       |     3 ||     3
         Potion            |       |     1 ||     1
 Armour: Scale mail        |    47 |    34 ||    81
  Dodge: Dodged            |    58 |    28 ||    86
  Block: Buckler           |    28 |    14 ||    42
